Map: Blueshift LE

Players

Djorjx

  • Race: Terran Terran
  • League: Grandmaster
  • Spawn Location: 1:00

Melle - Winner!

  • Race: Protoss Protoss
  • League: Master
  • Spawn Location: 7:00

Event: DSCL Nationals 2018 - Finals

VOD

Have the link to the VOD?

Description

Time

  • Played on: Dec. 1, 2018, 9:26 a.m.
  • Length: 4:28

All games in this series

Show
View Real Time Build Order
Export as new Build Order

Djorjx Terran 

Build Orders: Cyclone Opening 

Get SALT Encoding   

  12  0:00  SCV  
  13  0:12  SCV  
  14  0:17  Supply Depot  
  14  0:24  SCV  
  15  0:38  SCV  
  15  0:41  Barracks  
  16  0:44  Refinery  
  16  0:50  SCV  
  16  0:54  Refinery  
  17  1:02  SCV  
  18  1:14  SCV  
  19  1:28  Orbital Command, Reaper  
  20  1:36  Supply Depot  
  20  1:45  Factory  
  20  1:55  SCV  
  21  2:07  SCV  
  22  2:19  SCV  
  23  2:26  Barracks Reactor  
  23  2:31  SCV  
  23  2:36  Factory Tech Lab, Command Center  
  24  2:43  Supply Depot, SCV  
  24  2:57  Cyclone  
  27  3:00  SCV  
  27  3:04  Marine x2  
  29  3:08  Supply Depot  
  29  3:12  SCV  
  27  3:24  Marine, SCV  
  25  3:35  Cyclone  
  25  3:41  Marine  
  23  3:51  Marine  
  22  4:07  Marine  
  22  4:09  Marine  
  23  4:11  SCV  
Show
View Real Time Build Order
Export as new Build Order

Melle Protoss - Winner!

Build Orders:  

Get SALT Encoding   

  12  0:00  Probe  
  13  0:12  Probe  
  14  0:19  Pylon  
  14  0:24  Probe  
  15  0:33  Probe  
  15  0:40  Gateway  
  15  0:41  Probe  
  17  0:50  Pylon  
  17  0:52  Probe  
  18  1:04  Probe  
  18  1:09  Gateway  
  19  1:13  Assimilator  
  19  1:22  Probe  
  20  1:28  Cybernetics Core  
  20  1:33  Zealot  
  20  1:36  Probe  
  23  1:52  Probe  
  24  1:56  Stalker  
  24  2:04  Stalker  
  24  2:05  Assimilator  
  26  2:13  Pylon  
  27  2:21  Probe  
  28  2:31  Stalker  
  28  2:34  Probe  
  31  2:42  Stalker  
  33  2:46  Shield Battery  
  32  3:01  Stalker  
  33  3:07  Probe  
  32  3:18  Stalker  
  32  3:19  Probe  
  34  3:29  Probe  
  33  3:37  Probe  
  33  3:45  Probe  
  33  3:46  Stalker  
  36  3:57  Probe  
  35  4:05  Stargate  
  35  4:09  Probe  
Tags
 
Add a new tag
Caveats
  • Supply blocks, unpowered buildings, or Contaminate may cause inaccurate times.
  • Supply counts are checked every 10 seconds.